 Dungeon Crawl Stone Soup version 0.16.1-2-g95b8d4c (console) character file.

46 gw the Insei (level 3, -1/22 HPs)
             Began as a Deep Elf Monk on Mar 25, 2015.
             Slain by Terence
             ... wielding a +0 hand axe
              (3 damage)
             ... on level 2 of the Dungeon.
             The game lasted 00:02:27 (2184 turns).

gw the Insei (Deep Elf Monk)                        Turns: 2184, Time: 00:02:27

Health: -1/22      AC:  9    Str:  8    XL:     3   Next: 46%
Magic:  6/6        EV:  4    Int: 14    God:
Gold:   82         SH:  0    Dex: 18    Spells: 0 memorised, 2 levels left

rFire  . . .     SeeInvis .       - Unarmed
rCold  . . .     Clarity  .     j - +0 chain mail
rNeg   . . .     SustAb   .     (no shield)
rPois  .         Gourm    .     m - -2 helmet (curse)
rElec  .         Spirit   .     (no cloak)
rCorr  .         Warding  .     (no gloves)
rMut   .         Stasis   .     (no boots)
MR     .....                    (no amulet)
Stlth  ..........               (no ring)
                                d - +2 ring of protection

@: not resistant to hostile enchantments, extremely unstealthy
A: no striking features
a: no special abilities


You were on level 2 of the Dungeon.
You were hungry.

You visited 1 branch of the dungeon, and saw 2 of its levels.

You collected 82 gold pieces.

Inventory:

Missiles
 f - 18 arrows of flame
Armour
 j - a +0 chain mail (worn)
 m - a cursed -2 helmet (worn)
Jewellery
 d - a +2 ring of protection (left hand)
Scrolls
 k - a scroll of blinking {unknown}
Potions
 a - a potion of curing {unknown}
 e - a potion of cure mutation
 g - 2 potions of brilliance
 l - a potion of heal wounds {unknown}
 n - a potion of might {unknown}
Comestibles
 b - 2 bread rations
 c - a meat ration
 h - a slice of pizza
 i - a royal jelly


   Skills:
 + Level 2.7 Fighting
 + Level 1.0 Armour
 - Level 3.6 Dodging
 - Level 2.4 Stealth
 * Level 3.9 Unarmed Combat


You had 2 spell levels left.
You didn't know any spells.

Dungeon Overview and Level Annotations

Branches:
Dungeon (2/15)

Altars:

Annotations:
D:2 Terence


Message History

Unknown command.
Unknown command.
Unknown command.
Unknown command.
FLEEEEING!
ATTACKING (-1,0)
You hit Terence but do no damage. You punch Terence.
Terence is severely wounded.
Terence shouts, "Get ready for death!"
Terence hits you but does no damage.
Unknown command.
Unknown command.
Unknown command.
Unknown command.
FLEEEEING!
ATTACKING (-1,0)
You hit Terence but do no damage.
Terence is severely wounded.
Terence hits you but does no damage. Terence hits you with a hand axe.
You die...

#.#.# #.#.# #.#
#.# #.# #)# #.#
#.###########.#
#%.......@e...#
###############


You could see Terence.

Table legend:
 A = Turns spent in this place as a percentage of turns spent in the entire game.
 B = Non-inter-level travel turns spent in this place as a percentage of non-inter-level travel turns spent in the entire game.
 C = Inter-level travel turns spent in this place as a percentage of turns spent in this place.
 D = Turns resting spent in this place as a percentage of non-inter-level travel turns spent in this place.
 E = Turns spent auto-exploring this place as a percentage of non-inter-level travel turns spent in this place.
 F = Non-inter-level travel turns spent in this place divided by the number of levels of this place that you've seen.
                   A       B       C       D       E      F
               +-------+-------+-------+-------+-------+----------------------
         Total | 100.0 | 100.0 |   0.2 |   1.4 |   1.7 | 1687.0
       Dungeon | 100.0 | 100.0 |   0.2 |   1.4 |   1.7 | 1687.0
               +-------+-------+-------+-------+-------+----------------------

Table legend:
 A = Kills in this place as a percentage of kills in entire the game.
 B = Kills by you in this place as a percentage of kills by you in the entire game.
 C = Kills by friends in this place as a percentage of kills by friends in the entire game.
 D = Other kills in this place as a percentage of other kills in the entire game.
 E = Experience gained in this place as a percentage of experience gained in the entire game.
 F = Experience gained in this place divided by the number of levels of this place that you have seen.
                   A       B       C       D       E      F
               +-------+-------+-------+-------+-------+----------------------
         Total | 100.0 | 100.0 |  -nan |  -nan | 100.0 |  33.5
       Dungeon | 100.0 | 100.0 |  -nan |  -nan | 100.0 |  33.5
               +-------+-------+-------+-------+-------+----------------------

Vanquished Creatures
  An adder (D:2)
  A worm (D:2)
  An ooze (D:1)
  3 bats (D:1)
  3 giant cockroaches (D:1)
  5 goblins
  4 hobgoblins
  A ball python (D:2)
  A giant newt (D:1)
  4 kobolds
  7 rats
31 creatures vanquished.

Notes
Turn   | Place    | Note
--------------------------------------------------------------
     0 | D:1      | gw, the Deep Elf Monk, began the quest for the Orb.
     0 | D:1      | Reached XP level 1. HP: 13/13 MP: 2/2
   370 | D:1      | Reached XP level 2. HP: 18/18 MP: 4/4
  1440 | D:2      | Reached XP level 3. HP: 14/22 MP: 6/6
  1638 | D:2      | Reached skill level 1 in Armour
  1651 | D:2      | HP: 1/22 [poisoned by an adder]
  2112 | D:2      | Noticed Terence
  2181 | D:2      | HP: 1/22 [Terence/hand axe (1)]
  2184 | D:2      | Slain by Terence

Action                   || total
-------------------------++-------
Melee: Unarmed           ||   184
  Use: Scroll            ||     2
       Potion            ||     2
 Stab: Sleeping          ||     3
  Eat: Chunk             ||     4

Vault maps used:
D:1:      minmay_arrival_doors, minmay_door_square,
          kennysheep_decorative_pillar, minmay_quantized
D:2:      first_bread, uniq_terence
